 Dungeon Crawl Stone Soup version 0.31.0-4-g52a2dc7128 (webtiles) character file.

Game seed: 5121492687912724902

70 LeprechaunX the Cutter (level 4, 0/27 HPs)
             Began as a Kobold Reaver on Jan 22, 2024.
             Was an Initiate of Ru.
             Slain by Grinder (5 damage)
             ... on level 2 of the Dungeon.
             The game lasted 00:03:26 (2521 turns).

LeprechaunX the Cutter (Kobold Reaver)              Turns: 2521, Time: 00:03:28

Health: 0/27       AC:  3    Str: 11    XL:     4   Next: 44%
Magic:  8/8        EV: 14    Int: 14    God:    Ru [......]
Gold:   95         SH:  0    Dex: 13    Spells: 7/8 levels left

rFire   . . .        a - +0 short sword
rCold   . . .        (no shield)
rNeg    . . .        b - +0 leather armour
rPois   .            (no helmet)
rElec   .            (no cloak)
rCorr   .            (no gloves)
SInv    .            (no boots)
Will    .....        (no amulet)
Stlth   ++           (no ring)
HPRegen 0.24/turn    (no ring)
MPRegen 0.11/turn

%: no passive effects
@: brilliant, lethally poisoned (0 -> -3)
A: small, no large weapons, nightstalker 3
a: Renounce Religion


You were on level 2 of the Dungeon.
You worshipped Ru.
Ru was noncommittal.
You visited 1 branch of the dungeon, and saw 3 of its levels.

You collected 95 gold pieces.

Inventory:

Hand Weapons
 a - a +0 short sword (weapon)
Missiles
 m - 4 atropa-tipped darts
Armour
 b - a +0 leather armour (worn)
Scrolls
 d - a scroll of vulnerability {unknown}
 e - a scroll of blinking {unknown}
 g - 2 scrolls of poison {unknown}
 j - a scroll of revelation {unknown}
 l - a scroll of fog {unknown}
Potions
 c - a potion of brilliance
 f - a potion of curing {unknown}
 h - a potion of berserk rage {unknown}
 i - a potion of might {unknown}
 k - 2 potions of lignification {unknown}
 n - a potion of heal wounds {unknown}
 o - 2 potions of degeneration {unknown}


   Skills:
 + Level 2.9 Fighting
 + Level 4.6 Short Blades
 + Level 0.7 Throwing
 - Level 3.0 Dodging
 + Level 2.7 Spellcasting
 + Level 3.4 Conjurations


You had 7 spell levels left.
You knew the following spells:

 Your Spells              Type           Power      Damage    Failure   Level
a - Kiss of Death         Conj/Necr      40%        2d8       14%         1

Your spell library contained the following spells:

 Spells                   Type           Power      Damage    Failure   Level
 Sting                    Conj/Alch      40%        1d5       14%         1
 Momentum Strike          Conj/Tloc      20%        3d8       22%         2
 Mercury Vapours          Alch/Air       4%         N/A       41%         2
 Hailstorm                Conj/Ice       10%        3d6       41%         3
 Olgreb's Toxic Radiance  Alch           2%         N/A       96%         4


Dungeon Overview and Level Annotations

Branches:
Dungeon (3/15)

Altars:
Ru

Annotations:
D:2 Grinder
D:3 Robin


Innate Abilities, Weirdness & Mutations

You are small and have problems with some larger weapons.
You are completely attuned to the shadows.


Message History

You closely miss the orc.
The orc is moderately wounded.
The orc hits you but does no damage.
You hit the orc.
The orc is severely wounded.
The orc hits you with a +0 dagger.
You barely miss the orc.
The orc is severely wounded.
The orc completely misses you.
Grinder shouts!
You hit the orc.
You kill the orc!
A ribbon worm comes into view.
Grinder gestures at you. Pain shoots through your body!
Unknown command.
Grinder says, "You look like you could use a good racking."
Grinder gestures at you.
You suddenly lose the ability to move!
You stop ascending the stairs.
An adder comes into view. x2
Grinder says, "Are you a fish?"
Grinder says, "Tell me all your secrets, or I'll kill you."
Grinder hits you but does no damage. The adder bites you. Grinder hits you!
You writhe in agony.
You can move again.
The adder bites you.
You are poisoned.
The adder poisons you! Grinder gestures at you. Pain shoots through your body!
You climb upwards.
You feel very sick.
There is a stone staircase leading down here.
It was a potion of brilliance.
You feel clever all of a sudden.
You feel sick. The adder barely misses you. Grinder hits you.
* * * LOW HITPOINT WARNING * * *
You writhe in agony.
You die...
Grinder says, "Hey, I wasn't done torturing you yet!"

..#.#...........#..........)###
#
..#.#.########...........)....#
#
..#........###.##(##..####.##.#
# ......................#
#.##.# #
.#########.###.#####..# #.##.#
# .# #......# #..# #)##.###
.########..##### #..# #.......
..............######..#
####.###
...######..##..5@S....# #.# #
_..# #..##########.#######.# #
...# #..# #.........# # ...#
#..######## ########### # ####
#.........####### #
#########.......#########
#.#####........## #.#
#>......... #.# #.######.##


You could see Grinder and an adder.

Vanquished Creatures
  An adder (D:3)
  A dart slug (D:2)
  An orc (D:3)
  9 endoplasms
  3 giant cockroaches
  4 goblins
  3 hobgoblins
  3 jackals (D:1)
  3 quokkas (D:1)
  4 ball pythons
  3 bats (D:1)
  10 kobolds
  6 rats
51 creatures vanquished.

Notes
Turn   | Place    | Note
-------+----------+-------------------------------------------
     0 | D:1      | LeprechaunX the Kobold Reaver began the quest for the Orb.
     0 | D:1      | Reached XP level 1. HP: 12/12 MP: 3/3
   243 | D:1      | Reached XP level 2. HP: 18/18 MP: 5/5
   834 | D:1      | Reached XP level 3. HP: 22/22 MP: 6/6
  1551 | D:2      | Found a sacrificial altar of Ru.
  1646 | D:2      | Became a worshipper of Ru the Awakened
  1879 | D:2      | Reached XP level 4. HP: 18/27 MP: 8/8
  2332 | D:3      | Noticed Robin
  2492 | D:3      | Noticed Grinder
  2514 | D:3      | Paralysed by Grinder for 5 turns
  2521 | D:2      | Slain by Grinder

Illustrated notes

Levels and vault maps discovered:
D:1:      giann_horns, layout_basic, minmay_misc_feat_x, item_on_display_a
D:2:      layout_loops_ring, basic_altar
D:3:      layout_loops_ring, mainiacjoe_overflow_cross_hatched, uniq_grinder,
          uniq_robin

Skill      XL: |  1  2  3 |
---------------+----------+-----
Dodging        | 3 |  3.0
Fighting       | |  2.9
Short Blades   | |  4.6
Throwing       | |  0.7
Spellcasting   | |  2.7
Conjurations   | |  3.4

Action                     |  1- 3 |  4- 6 || total
---------------------------+-------+-------++-------
  Melee: Short sword       |   150 |    56 ||   206
         Punch             |     1 |       ||     1
    Use: Potion            |       |     1 ||     1
   Stab: Sleeping          |    11 |     4 ||    15
 Armour: Leather armour    |    44 |    32 ||    76
  Dodge: Dodged            |    81 |    28 ||   109
